 Dungeon Crawl Stone Soup version 0.31.0-32-g396128a36d (webtiles) character file.

Game seed: 7668708960260934861

1320 hawla the Carver (level 8, 0/62 HPs)
             Began as a Minotaur Gladiator on Apr 10, 2024.
             Killed from afar by a steam dragon (7 damage)
             ... with a ball of steam
             ... on level 5 of the Dungeon.
             The game lasted 00:09:47 (5039 turns).

hawla the Carver (Minotaur Gladiator)               Turns: 5039, Time: 00:09:47

Health: 0/62       AC: 16    Str: 18    XL:     8   Next: 33%
Magic:  7/7        EV:  9    Int:  5    God:
Gold:   336        SH:  0    Dex: 15    Spells: 7/7 levels left

rFire   . . .        l - +2 dagger (venom)
rCold   . . .        w - orb {light}
rNeg    . . .        x - +1 chain mail
rPois   .            c - +1 hat
rElec   .            v - +1 cloak
rCorr   .            n - +1 pair of gloves
SInv    .            (no boots)
Will    .....        (no amulet) Stlth
                     (no ring)
HPRegen 0.30/turn    (no ring)
MPRegen 0.10/turn

%: no passive effects
@: attractive, glowing
A: horns 2, retaliatory headbutt
a: no special abilities


You were on level 5 of the Dungeon.
You visited 1 branch of the dungeon, and saw 5 of its levels.
You also visited: Sewer.

You collected 336 gold pieces.

Inventory:

Hand Weapons
 a - a +0 long sword
 l - a +2 dagger of venom (weapon)
Missiles
 d - 2 throwing nets
 e - a javelin (quivered)
Armour
 c - a +1 hat (worn)
 n - a +1 pair of gloves (worn)
 v - a +1 cloak (worn)
 w - an orb of light (worn)
 x - a +1 chain mail (worn)
Scrolls
 b - a scroll of blinking
 f - a scroll of revelation
 h - 4 scrolls of fog
 p - 2 scrolls of teleportation
Potions
 i - a potion of resistance {unknown}
 j - a potion of heal wounds {unknown}
 r - a potion of berserk rage {unknown}
 t - 2 potions of attraction


   Skills:
 - Level 2.7 Fighting
 * Level 6.5(8.3) Short Blades
 - Level 8.8(9.9) Long Blades
 - Level 2.2 Throwing
 + Level 4.9 Armour
 - Level 3.4 Dodging


You had 7 spell levels left.
You didn't know any spells.
Your spell library was empty.

Dungeon Overview and Level Annotations

Branches:
Dungeon (5/15)              Sewer (visited)
 Temple: D:4-7

Altars:
Qazlal
Trog
Vehumet


Innate Abilities, Weirdness & Mutations

You have a pair of horns on your head.
You reflexively headbutt those who attack you in melee.


Message History

You hit the steam dragon.
The steam dragon is lightly wounded.
You hit the steam dragon but do no damage.
The steam dragon is poisoned.
You headbutt the steam dragon!
The steam dragon is moderately wounded.
The steam dragon breathes steam at you. The ball of steam hits you!
You are too injured to fight recklessly!
You are too injured to fight recklessly!
The steam dragon bites you.
The steam dragon claws you but does no damage.
You hit the steam dragon but do no damage.
The steam dragon is heavily wounded.
You are engulfed in a cloud of scalding steam.
You hit the steam dragon.
The steam dragon looks even sicker.
The steam dragon is heavily wounded.
You are engulfed in a cloud of scalding steam.
The steam dragon breathes steam at you. The ball of steam hits you!
* * * LOW HITPOINT WARNING * * *
You hit the steam dragon but do no damage.
The steam dragon looks as sick as possible!
The steam dragon is heavily wounded.
The steam dragon barely misses you.
The steam dragon claws you but does no damage.
You see here a hound corpse.
The steam dragon bites you but does no damage.
The steam dragon barely misses you.
You hit the steam dragon but do no damage.
The steam dragon looks as sick as possible!
You headbutt the steam dragon, but do no damage.
The steam dragon is severely wounded.
The steam dragon bites you!
* * * LOW HITPOINT WARNING * * *
The steam dragon claws you but does no damage.
It was a potion of attraction.
You feel attractive to monsters. The steam dragon breathes steam at you.
The ball of steam hits you!
You die...

#.#####..##.......#.......#......
#........##......##.......##.....
...#####.##......+.........+.....
....####.####...##.........##...#
.........# ##+#.#...........#.#'#
....####.###..#####.......#####..
. #.......##.#+#[..#'#.#....
######..##...#####...##...
#..'@†....#......'...
#.##D.§...#......##..
#.#.......#.......#..
#.#.......+.......###
#.#..!....#.).....#..
..##......#......##..
#..+......#......+... ..
##...#####...##... #.#+# #.[..


You could see a steam dragon (extremely poisoned, catching breath).

Vanquished Creatures
  An acid dragon (D:5)
  A centaur (D:5)
  3 bullfrogs
  A gnoll sergeant (D:5)
  A jelly (D:5)
  A hound (D:3)
  4 orc priests
  Terence (D:2)
  4 iguanas
  3 orc wizards
  13 gnolls
  19 adders
  11 dart slugs
  A ribbon worm (D:4)
  10 orcs
  13 ball pythons
  20 endoplasms
  15 giant cockroaches
  9 goblins
  8 hobgoblins
  A jackal (D:3)
  5 kobolds
  2 quokkas (D:1)
  8 bats
  11 frilled lizards
  9 rats
175 creatures vanquished.

Vanquished Creatures (others)
  A hound (D:5)
1 creature vanquished.

Grand Total: 176 creatures vanquished

Notes
Turn   | Place    | Note
-------+----------+-------------------------------------------
     0 | D:1      | hawla the Minotaur Gladiator began the quest for the Orb.
     0 | D:1      | Reached XP level 1. HP: 18/18 MP: 0/0
   119 | D:1      | Reached XP level 2. HP: 19/25 MP: 1/1
   237 | D:1      | Reached skill level 4 in Long Blades
   667 | D:1      | Reached XP level 3. HP: 27/30 MP: 2/2
   752 | D:2      | Noticed Terence
   760 | D:2      | Killed Terence
   761 | D:2      | Reached skill level 5 in Long Blades
   889 | D:2      | Reached XP level 4. HP: 34/37 MP: 3/3
  1117 | D:2      | Reached skill level 6 in Long Blades
  1566 | D:3      | Reached XP level 5. HP: 26/42 MP: 4/4
  1632 | D:3      | Found a radiant altar of Vehumet.
  1906 | D:3      | Reached skill level 7 in Long Blades
  2353 | D:3      | Reached skill level 8 in Long Blades
  2353 | D:3      | Reached XP level 6. HP: 33/50 MP: 5/5
  2901 | D:4      | Found a glowing drain.
  2909 | Sewer    | Entered a sewer
  3331 | Sewer    | Reached skill level 1 in Short Blades
  3377 | Sewer    | Reached skill level 1 in Armour
  3424 | Sewer    | Reached XP level 7. HP: 48/56 MP: 6/6
  3796 | D:4      | Found a bloodstained altar of Trog.
  4090 | D:5      | Entered Level 5 of the Dungeon
  4615 | D:5      | Reached skill level 5 in Short Blades
  4695 | D:5      | Noticed a fire elemental
  4697 | D:5      | Found a stormy altar of Qazlal.
  4699 | D:5      | Noticed an air elemental
  4699 | D:5      | Noticed a water elemental
  4755 | D:5      | Reached XP level 8. HP: 40/62 MP: 7/7
  5039 | D:5      | Killed from afar by a steam dragon

Illustrated notes

Levels and vault maps discovered:
D:1:      minmay_arrival_stone_box, layout_loops_ring
D:2:      layout_basic, uniq_terence
D:3:      minmay_thinvault, layout_rooms, general_overflow_altar,
          minmay_crystal_water
D:4:      cheibrodos_old_hovel, layout_loops_cross, mainiacjoe_overflow_paths,
          portal_sewer_entry_e, dk_vineyard_3, nrook_loot_triangle
D:5:      nicolae_cairo_tiling_very_big, layout_loops_corners,
          nicolae_qazlal_style_of_elements

Skill      XL: |  1  2  3  4  5  6  7  8 |
---------------+-------------------------+-----
Long Blades    | 4 5 6 8 |  8.8
Short Blades   | 2 5 6 |  6.5
Armour         | 1 4 |  4.9
Fighting       | |  2.7
Throwing       | |  2.2
Dodging        | |  3.4

Action                     |  1- 3 |  4- 6 |  7- 9 || total
---------------------------+-------+-------+-------++-------
  Melee: Long sword        |    56 |     1 |       ||    57
         Headbutt          |    11 |    46 |    31 ||    88
         Dagger            |       |   271 |   145 ||   416
         Punch             |       |     2 |       ||     2
  Throw: Throwing net      |       |       |     1 ||     1
    Use: Scroll            |       |    14 |       ||    14
         Potion            |       |     1 |     2 ||     3
   Stab: Sleeping          |       |     2 |       ||     2
 Armour: Leather armour    |    27 |    83 |       ||   110
         Chain mail        |       |    67 |   123 ||   190
  Dodge: Dodged            |    30 |   112 |    53 ||   195
